cohdb
Replays
Latest Replays
All Replays
Popular Replays
Top Player Replays
Match Explorer
How It Works
Community
CoH3 Stats
Reddit
Sign in to upload your games and track your stats! →
Sign in with Steam
Match 41589026
Unlisted
Match 41589026
Overview
Messages
Build Orders
End
Construct Infanterie Kompanie
Grenadier Squad
MG 42 Machine Gun Team
Grenadier Squad
Construct Panzergrenadier Kompanie
Panzergrenadier Squad
251 Medium Carrier
Selects Breakthrough Battlegroup
Selects Rapid Production
Panzergrenadier Officer Quarters
Pak 40 Anti-tank Gun Team
Support Elements
Nebelwerfer 42 Rocket Launcher Team
Selects Blitzkrieg
Pak 40 Anti-tank Gun Team
Construct Panzer Kompanie
Selects Assault Grenadiers
Selects Breakthrough
Selects Incendiary Bombing Run
Panzer IV Medium Tank
Stoßtruppen Squad
Pak 40 Anti-tank Gun Team
Grenadier Squad
insane
侠客
Steken
Bärs Anders
Bubujibroozy
quangdung.tr0809
Volare
Nona_
0
0
Comments
sign in to comment!
No comments posted yet!